 Dungeon Crawl Stone Soup version 0.31-a0-331-geda263fcf1 (webtiles) character file.

Game seed: 18257664538818759093

1881652 shadowrider38 the Wrestler (level 24, 328/328 HPs)
             Began as a Troll Shapeshifter on July 19, 2023.
             Was a High Priest of Okawaru.
             Escaped with the Orb
             ... and 3 runes!
             The game lasted 01:55:23 (52236 turns).

shadowrider38 the Wrestler (Troll Shapeshifter)    Turns: 52236, Time: 01:55:24

Health: 328/328    AC: 44    Str: 36    XL:     24   Next: 86%
Magic:  26/26      EV: 10    Int:  4    God:    Okawaru [*****.]
Gold:   2571       SH: 19    Dex: 16    Spells: 23/23 levels left

rFire   . .          .
                       - Unarmed
rCold   + . .        k - +0 tower shield
rNeg    + + .        h - melded +0 acid dragon scales
rPois   ∞            a - +2 hat
rElec   +            W - scarf {rC+ rF+}
rCorr   .            (gloves unavailable)
SInv    +            (boots unavailable)
Will    ++...        j - amulet of Lecus {Spirit rElec rN+ Regen+}
Stlth   +            m - ring of willpower
HPRegen 2.34/turn    S - ring of Pride {Drain +Blink AC+4 Dex+6 SInv}
MPRegen 0.20/turn

%: guardian spirit
@: statue-form, studying 2 skills, very slow
A: slow and powerful, torment resistance 1, boosted hp, large, unfitting armour,
claws 3, regeneration 1, (shaggy fur 1), (tough skin 1), deterioration 1, dopey
1, low MP 1, heat vulnerability 1
0: Orb of Zot
}: 3/15 runes: decaying, slimy, gossamer
a: Begin Untransformation, Renounce Religion, Evoke Blink, Heroism, Finesse,
Duel


You escaped.
You worshipped Okawaru.
Okawaru was extremely pleased with you.
You were a living statue of rough stone.
You visited 11 branches of the dungeon, and saw 51 of its levels.
You visited the Abyss 2 times.
You visited 1 bazaar.
You also visited: Trove.

You collected 5314 gold pieces.
You spent 2743 gold pieces at shops.

Inventory:

Missiles
 w - 128 large rocks
 F - 10 curare-tipped darts (quivered)
 Z - 5 throwing nets
Armour
 a - a +2 hat (worn)
 h - +0 acid dragon scales (melded)
 i - the +0 cloak of the Sky {god gift, +Inv rPois Will++ Slay+3}
   (Okawaru gifted it to you on level 3 of the Realm of Zot)

   Slay:      It affects your accuracy & damage with ranged weapons and melee
   (+3).
   rPois:     It protects you from poison.
   +Inv:      It lets you turn invisible.
   Will:      It greatly increases your willpower.
 k - a +0 tower shield (worn)
 W - a scarf of resistance (worn)
Jewellery
 c - a ring of protection from cold
 f - a ring of protection from fire
 g - a ring of resist corrosion
 j - the amulet of Lecus (around neck) {Spirit rElec rN+ Regen+}
   (You bought it in a shop on level 2 of the Orcish Mines)

   [amulet of guardian spirit]

   It causes incoming damage to be divided between your reserves of health and
   magic.
   rElec:     It insulates you from electricity.
   rN:        It protects you from negative energy.
   Regen:     It increases your rate of health regeneration.
 m - a ring of willpower (left claw)
 v - a +6 ring of strength
 C - a +5 ring of evasion
 S - the ring of Pride (right claw) {Drain +Blink AC+4 Dex+6 SInv}
   (You found it on level 5 of the Pits of Slime)

   [ring of protection]

   AC:        It affects your AC (+4).
   Dex:       It affects your dexterity (+6).
   SInv:      It lets you see invisible.
   +Blink:    It lets you blink.
   Drain:     It drains your maximum health when unequipped.
Talismans
 u - a granite talisman
 x - a dragon-blood talisman
Wands
 o - a wand of quicksilver (14)
 D - a wand of digging (13)
 I - a wand of iceblast (37)
 P - a wand of paralysis (45)
Scrolls
 e - 11 scrolls of poison
 r - 2 scrolls of torment
 t - 4 scrolls of amnesia
 y - 2 scrolls of enchant armour
 B - 3 scrolls of blinking
 E - a scroll of acquirement
 G - 13 scrolls of fear
 J - 3 scrolls of silence {!r}
 L - 5 scrolls of fog
 M - 7 scrolls of vulnerability
 O - 4 scrolls of immolation
 T - 21 scrolls of teleportation
Potions
 b - 6 potions of lignification
 d - 4 potions of might
 l - 5 potions of invisibility
 n - a potion of cancellation
 p - 14 potions of mutation
 q - 3 potions of berserk rage
 z - 9 potions of attraction
 A - 10 potions of heal wounds
 H - 4 potions of haste
 K - 10 potions of resistance
 N - 7 potions of enlightenment
 Q - 21 potions of curing
 V - 2 potions of magic
 X - 3 potions of ambrosia
Miscellaneous
 R - a lightning rod (4/4)
 U - a phial of floods
 Y - a tin of tremorstones (2/2)


   Skills:
 + Level 17.4 Fighting
 - Level 4.0 Armour
 - Level 4.1 Dodging
 - Level 15.0 Shields
 - Level 23.0 Unarmed Combat
 - Level 10.0 Invocations
 - Level 8.0 Evocations
 - Level 23.0 Shapeshifting


You had 23 spell levels left.
You didn't know any spells.
Your spell library contained the following spells:

 Spells                   Type           Power      Damage    Failure   Level
 Foxfire                  Conj/Fire      0%         2x1d4     71%         1
 Freeze                   Ice            0%         1d3       71%         1
 Magic Dart               Conj           0%         1d3       71%         1
 Sting                    Tmut/Pois      0%         1d3       71%         1
 Blink                    Tloc           0%         N/A       85%         2
 Cigotuvi's Dreadful Rot  Necr/Pois/Air  0%         N/A       85%         2
 Ensorcelled Hibernation  Hex/Ice        0%         N/A       85%         2
 Lesser Beckoning         Tloc           0%         N/A       85%         2
 Momentum Strike          Conj/Tloc      0%         3d8       85%         2
 Scorch                   Fire           0%         2d5       85%         2
 Dazzling Flash           Conj/Hex       0%         N/A       97%         3
 Frozen Ramparts          Ice            0%         1d1       97%         3
 Hailstorm                Conj/Ice       0%         3d3       97%         3
 Ignite Poison            Fire/Tmut/Pois 0%         N/A       97%         3
 Inner Flame              Hex/Fire       0%         N/A       97%         3
 Mephitic Cloud           Conj/Pois/Air  0%         N/A       97%         3
 Ozocubu's Armour         Ice            0%         N/A       97%         3
 Portal Projectile        Hex/Tloc       0%         N/A       97%         3
 Teleport Other           Tloc           0%         N/A       97%         3
 Vhi's Electric Charge    Tloc/Air       0%         N/A       97%         3
 Volatile Blastmotes      Fire/Tloc      0%         2d10      97%         3
 Anguish                  Hex/Necr       0%         N/A       100%        4
 Cause Fear               Hex            0%         N/A       100%        4
 Flame Wave               Conj/Fire      0%         2d4       100%        4
 Iskenderun's Mystic Bla  Conj/Tloc      0%         2d3       100%        4
 Leda's Liquefaction      Hex/Erth       0%         N/A       100%        4
 Manifold Assault         Tloc           0%         N/A       100%        4
 Petrify                  Tmut/Erth      0%         N/A       100%        4
 Arcjolt                  Conj/Air       0%         1d10      100%        5
 Fireball                 Conj/Fire      0%         3d3       100%        5
 Freezing Cloud           Conj/Ice/Air   0%         6-21      100%        5
 Irradiate                Conj/Tmut      0%         3d11      100%        5
 Iskenderun's Battlesphe  Conj           0%         2d6       100%        5
 Lee's Rapid Deconstruct  Erth           0%         3d4*      100%        5
 Metabolic Englaciation   Hex/Ice        0%         N/A       100%        5
 Conjure Ball Lightning   Conj/Air       0%         3x3d6     100%        6
 Dispersal                Tloc           0%         N/A       100%        6
 Leda's Unmaking          Conj/Erth      0%         9d1       100%        6
 Plasma Beam              Fire/Air       0%         2x1d10    100%        6
 Starburst                Conj/Fire      0%         6d3       100%        6
 Enfeeble                 Hex            0%         N/A       100%        7
 Orb of Destruction       Conj           0%         9d5       100%        7
 Ozocubu's Refrigeration  Ice            0%         4d7       100%        7
 Disjunction              Tloc           0%         N/A       100%        8
 Maxwell's Capacitive Co  Air            0%         ∞         100%        8
 Fire Storm               Conj/Fire      0%         5d1       100%        9
 Call Imp                 Summ           Unusable   N/A       N/A         2
 Sublimation of Blood     Necr           Unusable   N/A       N/A         2
 Tukima's Dance           Hex            Unusable   N/A       N/A         3
 Simulacrum               Ice/Necr       Unusable   N/A       N/A         6
 Summon Cactus Giant      Summ           Unusable   N/A       N/A         6
 Spellforged Servitor     Conj/Summ      Unusable   N/A       N/A         7

Dungeon Overview and Level Annotations

Branches:
Dungeon (15/15)            Temple (1/1) D:7            Lair (5/5) D:8
  Swamp (4/4) Lair:3       Spider (4/4) Lair:3        Slime (5/5) Lair:5
    Orc (2/2) D:9             Elf (2/3) Orc:2        Vaults (4/5) D:14
  Crypt (0/3) Vaults:3     Depths (4/4) D:15            Zot (5/5) Depths:4

Altars:
Ashenzari
Cheibriados
Dithmenos
Elyvilon
Fedhas
Gozag
Hepliaklqana
Kikubaaqudgha
Makhleb
Nemelex Xobeh
Okawaru
Qazlal
Ru
Sif Muna
Trog
Uskayaw
Vehumet
Wu Jian
Xom
Yredelemnul
Zin
The Shining One
Jiyva

Shops:
D:4 *   D:9 [   Orc:2 [((?*   Elf:2 ?   Vaults:2 *   Vaults:4 (   Depths:4 =:=

Portals:
Hell: Depths:1 Depths:2 Depths:3 Depths:4
Abyss: Depths:2 Depths:3
Pandemonium: Depths:2
Ziggurat: Depths:2

Annotations:
D:4 1 runed translucent door
D:6 exclusion: downstairs
Elf:2 3 runed translucent doors
Vaults:4 2 runed translucent doors, Konionua's ghost, adept KoEn
Zot:5 1 exclusion


Innate Abilities, Weirdness & Mutations

You are a living statue of rough stone.
Your actions are slow, but your melee attacks are powerful.
You are resistant to unholy torment.
Your maximum health is greatly increased.
Your equipment is partially melded.
You are too large for most types of armour.
You are immune to poison.
You have claws for hands.
Your natural rate of healing is unusually fast.
((You are covered in fur. (AC +1)))
((You have tough skin. (AC +1)))
Your body sometimes deteriorates upon taking damage.
You are dopey. (Int -2)
Your magical capacity is low. (-10% MP)
You are vulnerable to heat. (rF-)


Message History

There is a stone staircase leading down here.
There is a stone staircase leading up here.
You climb upwards.
An Orb Guardian comes into view.
There is a stone staircase leading down here.
You block the Orb Guardian's attack. x2
The Orb Guardian hits you but does no damage.
You barely miss the Orb Guardian.
The Orb Guardian hits you but does no damage.
You block the Orb Guardian's attack.
You miss the Orb Guardian.
The Orb Guardian hits you but does no damage.
You closely miss the Orb Guardian. The Orb Guardian hits you!
You block the Orb Guardian's attack.
You mangle the Orb Guardian!!
The Orb Guardian is moderately wounded.
You block the Orb Guardian's attack.
You eviscerate the Orb Guardian!!!!
You kill the Orb Guardian!
Okawaru accepts your kill.
No target in view!
An orange demon comes into view.
Unknown command.
There is a stone staircase leading up here.
The orange demon stings you from afar.
The orange demon stings you but does no damage.
You climb upwards.
There is a stone staircase leading down here.
(D) Dungeon (T) Temple (L) Lair (S) Swamp (N) Spider Nest (M) Slime Pits (O) Orcish Mines (E) Elven Halls (V) Vaults (C) Crypt (U) Depths (H) Hell (Z) Zot
Where to? (Enter - D:1 @ (x,y), ? - help)
What level of the Dungeon? (default 1, ? - help)
A sun demon comes into view.
There is a stone staircase leading up here.
There are no items here.
You climb upwards.
A chaos spawn comes into view.
There is a stone staircase leading down here.
You claw the chaos spawn!
The chaos spawn is moderately wounded.
You eviscerate the chaos spawn!!!!
You kill the chaos spawn!
Okawaru accepts your kill.
The chaos spawn degenerates into a cloud of primal chaos!
No target in view!
There is an open door here.
There is a staircase leading out of the dungeon here.
You have escaped!

..###............# #.# ..#
#..#..##.....### #.#
..###..............# #.####
.......#.........#####....##
..##...#.........##....##..# ###
#.##...#................#..####..
.....†............[...........###
#.......#....##########.#...#.###
...).........##.8.## #.....#.#..
..........)#####...## ###.#.#.#..
..#.##......##>##...# #.#......
..#.##......##~.#...## #........
>.#.##......##~.##...# ##....#..
...........###≈~.#...#####.##.#..
..#.##...#...#≈≈~##...#....##.#..
.....###.#.###≈≈≈~'...'.##.......
..#........# #≈~~##...#######....


There were no monsters in sight!

Vanquished Creatures
  the Royal Jelly (Slime:5)
  A dread lich (Depths:3)
  3 ancient liches (Zot:5)
  2 orbs of fire (Zot:5)
  A juggernaut (Depths:3)
  2 Killer Klowns (Zot:5)
  Bai Suzhen (Depths:1)
  2 pandemonium lords
  Frederick (Vaults:2)
  Saint Roka (Vaults:3)
  A curse toe (Zot:5)
  Jory (Vaults:3)
  Nikola (Vaults:1)
  5 golden dragons
  3 bone dragons (Abyss:4)
  A Tzitzimitl (Depths:4)
  An electric golem (Zot:5)
  Jorgrun (Elf:1)
  Mlioglotl (Swamp:4)
  10 tentacled monstrosities
  Rupert (D:15)
  Zenata (Vaults:3)
  2 titans
  A Hell Sentinel (D:15)
  4 liches
  A walking divine tome (Depths:3)
  Asterion (Vaults:2)
  24 Orb Guardians
  7 quicksilver dragons
  10 acid blobs
  A walking frostbound tome (Depths:3)
  7 sphinxes
  An Executioner (Zot:2)
  Kirke (Lair:2)
  3 tentacled starspawn (Abyss:4)
  4 thorn hunters
  A death cob (Zot:1)
  6 tengu reavers
  Aizul (Spider:3)
  6 azure jellies
  Roxanne (Spider:3)
  A revenant (Abyss:4)
  2 storm dragons
  5 rockslimes
  A draconian monk (Zot:5)
  3 shadow dragons
  2 fenstrider witches (Swamp:4)
  4 draconian knights
  4 iron dragons
  The ghost of Koigyickaps the Warrior, a journeyman HOMo of Hepliaklqana (Orc:1)
  9 frost giants
  2 balrugs
  A ghost moth (shapeshifter) (Depths:3)
  9 emperor scorpions
  5 draconian scorchers
  6 fire giants
  4 ghost moths
  14 vault wardens
  3 orc warlords
  Louise (Spider:1)
  11 ironbound preservers
  22 stone giants
  2 broodmothers
  24 very ugly things
  6 draconian annihilators
  6 draconian shifters
  3 quicksilver oozes (Slime:5)
  4 spriggan defenders (Depths:3)
  A demonspawn blood saint (Zot:2)
  2 cacodemons
  8 ironbound thunderhulks
  7 formless jellyfish
  2 draconian stormcallers (Zot:5)
  4 vampire knights
  Nessos (D:15)
  A juggernaut skeleton (Depths:3)
  6 eleionomae
  12 green draconians
  8 black draconians
  A deep elf demonologist (Vaults:4)
  2 lorocyprocas
  The ghost of wormstring the Fighter, a journeyman DsEE of Lugonu (Lair:5)
  The ghost of Iniera the Severer, a journeyman DsBr of Uskayaw (Lair:5)
  Azrael (Elf:1)
  14 dire elephants
  14 yellow draconians
  6 purple draconians
  2 deep elf annihilators (Elf:1)
  3 red draconians
  15 ettins
  4 white draconians
  2 jiangshi (Depths:1)
  10 spark wasps
  A bunyip (Swamp:3)
  A crystal guardian (Vaults:4)
  A green death (D:13)
  3 merfolk impalers
  A merfolk javelineer (Depths:1)
  8 fire dragons
  2 shambling mangroves
  A deep elf death mage (Elf:2)
  11 yaktaur captains
  7 entropy weavers
  11 great orbs of eyes
  Fannar (D:10)
  An ice dragon (shapeshifter) (Depths:2)
  24 vault guards
  A great orb of eyes (shapeshifter) (Depths:3)
  Harold (Lair:1)
  5 spriggan air magi
  2 peacekeepers
  3 radroaches
  5 rakshasas
  A jorogumo (Spider:3)
  19 hydras
  8 boulder beetles
  4 ogre magi (D:15)
  8 ice dragons
  10 ironbound frosthearts
  5 centaur warriors
  5 ghost crabs
  18 two-headed ogres
  11 dancing weapons
  6 death yaks (Lair:5)
  9 alligators
  6 tengu warriors
  6 demonic crawlers
  A vampire mage (Depths:1)
  4 deep troll shamans
  4 spriggan berserkers
  5 deep troll earth magi
  18 hell knights
  10 deep elf knights
  5 thrashing horrors (Abyss:4)
  A soul eater (Zot:5)
  2 wretched stars (Abyss:4)
  A titan skeleton (Depths:3)
  5 iron trolls
  A sea snake (shapeshifter) (Depths:3)
  4 skeletal warriors (D:12)
  4 pharaoh ants
  5 sun demons
  5 sixfirhies
  A sun moth (Spider:2)
  2 goliath frogs
  2 flayed ghosts
  2 golden dragon zombies (Depths:3)
  3 spriggan druids
  13 swamp dragons
  3 deep elf archers
  13 ironbound convokers
  12 orb spiders
  3 glowing orange brains
  6 bog bodies (Swamp:4)
  39 deep trolls
  10 harpies
  9 orc knights
  2 phantasmal warriors (Depths:3)
  7 lindwurms (Vaults:2)
  9 steelbarb worms
  21 deep elf pyromancers
  A steelbarb worm (shapeshifter) (Depths:4)
  12 deep elf zephyrmancers
  8 necromancers
  8 wizards
  2 oklob plants (Lair:5)
  A tengu zombie (Depths:3)
  A faun (shapeshifter) (D:14)
  4 orc sorcerers
  29 ugly things
  A shining eye (Slime:1)
  A tengu skeleton (Vaults:1)
  17 wolf spiders
  2 manticores
  5 cyclopes
  6 will-o-the-wisps
  22 moths of wrath
  A rust devil (Depths:1)
  2 stone giant skeletons (Vaults:3)
  A black mamba (shapeshifter) (D:15)
  A water nymph (shapeshifter) (Vaults:4)
  8 black mambas
  A guardian serpent (Lair:5)
  18 vault sentinels
  10 elephants
  2 toenail golems
  5 eyes of devastation
  3 smoke demons
  5 torpor snails
  28 yaktaurs
  2 gargoyles (D:14)
  An orange demon (Zot:5)
  2 unseen horrors (D:11)
  2 hellions
  7 komodo dragons
  19 cane toads
  2 kobold demonologists (D:5)
  2 efreet
  2 tormentors
  4 rime drakes
  4 tengu conjurers
  3 meliai (Spider:4)
  A queen bee (shapeshifter) (D:13)
  10 tyrant leeches
  2 hellwings (D:11)
  3 trolls
  16 hornets
  2 bloated husks
  A sphinx simulacrum (Depths:3)
  19 tarantellas
  Grinder (D:5)
  7 raiju
  14 blink frogs
  8 large abominations
  6 dream sheep (Lair:3)
  16 culicivoras
  63 slime creatures
  A jumping spider (shapeshifter) (D:14)
  22 jumping spiders
  A wraith (D:13)
  17 water elementals
  2 air elementals (Elf:1)
  14 spriggans
  3 ynoxinuls
  2 hogs (Lair:3)
  9 starcursed masses (Abyss:4)
  7 basilisks
  13 wyverns
  47 yaks
  5 golden eyes
  3 fire elementals (Elf:1)
  5 humans
  A neqoxec (Abyss:4)
  52 redbacks
  A chaos spawn (D:1)
  A yaktaur simulacrum (Vaults:1)
  2 wargs
  2 steam dragons (D:7)
  18 swamp worms
  17 vampire mosquitoes
  5 acid dragons
  2 glowing shapeshifter zombies
  20 water moccasins
  3 hell hounds (Elf:1)
  A glowing shapeshifter skeleton (Vaults:1)
  A floating eye (Depths:2)
  A sky beast (D:10)
  40 orc warriors
  9 swamp drakes
  6 ice beasts
  A black bear (D:6)
  A black bear (shapeshifter) (D:14)
  19 ogres
  18 centaurs
  33 wolves
  A human skeleton (Vaults:3)
  2 phantoms
  3 kobold brigands
  A gnoll sergeant (Orc:2)
  16 bullfrogs
  3 earth elementals
  2 scorpions (D:6)
  7 wights
  15 killer bees (D:7)
  3 small abominations (Abyss:4)
  A spectral ogre (Orc:1)
  2 electric eels (D:5)
  A crimson imp (D:8)
  A quasit (Abyss:4)
  25 orc priests
  2 gnoll boudas
  3 hounds (D:4)
  2 jellies
  8 iguanas
  23 orc wizards
  A spectral orc (Orc:1)
  10 adders
  10 gnolls
  A shadow imp (D:7)
  A white imp (Abyss:4)
  An ufetubus (D:6)
  3 orc simulacra (Orc:1)
  A worm (D:2)
  4 dart slugs
  89 orcs
  9 bats
  6 endoplasms
  5 giant cockroaches
  3 goblins
  10 hobgoblins
  3 jackals (D:4)
  20 kobolds
  4 quokkas
  8 ball pythons
  5 frilled lizards
  2 goblin skeletons (D:8)
  A goblin zombie (D:8)
  A hobgoblin zombie (D:8)
  2 kobold skeletons (D:8)
  A kobold zombie (D:8)
  2 orc skeletons (D:8)
  An orc zombie (D:8)
  6 rats
  4 starspawn tentacles (Abyss:4)
2009 creatures vanquished.

Vanquished Creatures (others)
  A formless jellyfish (Vaults:3)
  An ironbound frostheart (Vaults:1)
  An alligator (Swamp:4)
  2 wizards
  2 ironbound convokers (Vaults:1)
  A bloated husk (Swamp:4)
  A culicivora (Spider:4)
  A redback (Spider:4)
  2 orcs (Vaults:3)
  18 foxfires
  8 starspawn tentacles
38 creatures vanquished.

Grand Total: 2047 creatures vanquished

Notes
Turn   | Place    | Note
-------+----------+-------------------------------------------
     0 | D:1      | shadowrider38 the Troll Shapeshifter began the quest for
                  | the Orb.
     0 | D:1      | Reached XP level 1. HP: 19/19 MP: 0/0
   111 | D:1      | Reached XP level 2. HP: 27/27 MP: 1/1
   419 | D:1      | Reached skill level 3 in Unarmed Combat
   460 | D:1      | Reached XP level 3. HP: 33/33 MP: 2/2
  1029 | D:2      | Found a faded altar of an unknown god.
  1160 | D:2      | Reached XP level 4. HP: 41/41 MP: 3/3
  1613 | D:3      | Found a blossoming altar of Fedhas.
  1650 | D:3      | Found a shimmering blue altar of Sif Muna.
  1686 | D:3      | Found an iron altar of Okawaru.
  1706 | D:3      | Became a worshipper of Warmaster Okawaru
  1982 | D:3      | Noticed a phantom
  1988 | D:3      | Killed a phantom
  1989 | D:3      | Reached XP level 5. HP: 48/48 MP: 4/4
  2336 | D:4      | Found a runed translucent door.
  2336 | D:4      | Noticed a human
  2340 | D:4      | Found a basalt altar of Yredelemnul.
  2360 | D:4      | Noticed an ogre
  2371 | D:4      | Killed an ogre
  2372 | D:4      | Reached XP level 6. HP: 55/55 MP: 5/5
  2437 | D:4      | Found a hazy altar of Hepliaklqana.
  2480 | D:4      | Reached * piety under Okawaru
  2953 | D:4      | Found Fookkon's Assorted Antiques.
  2961 | D:4      | Bought 2 fizzy blue potions for 41 gold pieces
  2961 | D:4      | Bought a fizzy blue potion for 20 gold pieces
  2961 | D:4      | Bought a fluorescent wand for 92 gold pieces
  3036 | D:4      | Reached XP level 7. HP: 62/62 MP: 6/6
  3271 | D:5      | Entered Level 5 of the Dungeon
  3285 | D:5      | Found a transporter.
  3427 | D:5      | Noticed a kobold demonologist
  3427 | D:5      | Noticed a kobold demonologist
  3443 | D:5      | Noticed a smoke demon
  3445 | D:5      | Killed a kobold demonologist
  3454 | D:5      | Killed a kobold demonologist
  3454 | D:5      | Reached ** piety under Okawaru
  3455 | D:5      | Reached skill level 3 in Shields
  3455 | D:5      | Reached XP level 8. HP: 23/70 MP: 7/7
  3581 | D:5      | Identified the +7 quarterstaff "Vituguno" {vamp, rF- Str+9}
  3775 | D:5      | Found a transporter.
  4014 | D:5      | Noticed Grinder
  4037 | D:5      | Killed Grinder
  4623 | D:6      | Reached *** piety under Okawaru
  5129 | D:6      | Reached skill level 9 in Unarmed Combat
  5129 | D:6      | Reached XP level 9. HP: 72/76 MP: 8/8
  5568 | D:7      | Found an ancient bone altar of Kikubaaqudgha.
  5616 | D:7      | Found a staircase to the Ecumenical Temple.
  5657 | Temple   | Entered the Ecumenical Temple
  5717 | D:7      | Found a hide-covered altar of Uskayaw.
  5804 | D:7      | Reached **** piety under Okawaru
  5817 | D:6      | Reached skill level 3 in Fighting
  6225 | D:7      | Found a shimmering altar of Xom.
  6505 | D:7      | Reached XP level 10. HP: 90/91 MP: 9/9
  6847 | D:8      | Reached ***** piety under Okawaru
  7387 | D:8      | Found a glowing golden altar of the Shining One.
  7533 | D:8      | Found a staircase to the Lair.
  7935 | D:9      | Received a gift from Okawaru
  8282 | D:9      | Found a burning altar of Makhleb.
  8391 | D:9      | Found Acaulo's Armour Boutique.
  8592 | D:9      | Identified the +0 animal skin of Inviolability {rF+ Str+6}
  8631 | D:9      | Reached skill level 9 in Shapeshifting
  8658 | D:9      | Found a staircase to the Orcish Mines.
  8825 | D:10     | Entered Level 10 of the Dungeon
  8883 | D:10     | Noticed Maggie
  8893 | D:10     | Maggie changed into Maggie the sky beast
  8893 | D:10     | Noticed Maggie
  8895 | D:10     | Killed Maggie the sky beast
  9296 | D:10     | Reached XP level 11. HP: 101/102 MP: 10/10
  9605 | D:10     | Noticed Fannar
  9620 | D:10     | Killed Fannar
  9830 | D:11     | Noticed a two-headed ogre
  9830 | D:11     | You fall into a shaft and drop 2 floors!
  9831 | D:13     | Noticed a centaur warrior
  9842 | D:13     | Killed a centaur warrior
  9859 | D:13     | Noticed a deep elf pyromancer
  9873 | D:13     | Killed a deep elf pyromancer
  9873 | D:13     | Received a gift from Okawaru
 10056 | D:12     | Noticed a green ugly thing
 10059 | D:12     | Noticed a red ugly thing
 10061 | D:12     | Killed a green ugly thing
 10062 | D:12     | Reached skill level 3 in Dodging
 10070 | D:12     | Killed a red ugly thing
 10218 | D:12     | Reached skill level 3 in Armour
 10564 | D:11     | Received a gift from Okawaru
 10740 | D:11     | Noticed a boulder beetle
 10840 | D:11     | Killed a boulder beetle
 11072 | D:11     | Killed a two-headed ogre
 11399 | D:11     | Reached XP level 12. HP: 44/115 MP: 11/11
 11872 | Lair:1   | Entered Level 1 of the Lair of Beasts
 11872 | Lair:1   | Found a hazy altar of Hepliaklqana.
 11891 | D:8      | Identified the +2 robe of Sophism {god gift, Regen+ Dex+4
                  | Archmagi} (Okawaru gifted it to you on level 8 of the
                  | Dungeon)
 11891 | D:8      | Received a gift from Okawaru
 12420 | Lair:1   | Noticed Harold
 12434 | Lair:1   | Killed Harold
 12664 | Lair:1   | Identified a scroll of acquirement
 13114 | Lair:2   | Noticed a seven-headed hydra
 13114 | Lair:2   | Noticed a boulder beetle
 13140 | Lair:1   | Killed an eight-headed hydra
 13193 | Lair:1   | Killed a boulder beetle
 13213 | Lair:1   | Reached ****** piety under Okawaru
 13306 | Lair:2   | Identified the +2 robe of Okawaru's Inspiration {god gift,
                  | Rampage *Slow Int+4} (Okawaru gifted it to you on level 2
                  | of the Lair of Beasts)
 13306 | Lair:2   | Received a gift from Okawaru
 13307 | Lair:2   | Reached XP level 13. HP: 118/122 MP: 12/12
 14600 | Lair:3   | Noticed Kirke
 14617 | Lair:2   | Killed Kirke
 14938 | Lair:3   | Found a hole to the Spider Nest.
 14954 | Lair:3   | Received a gift from Okawaru
 15181 | Lair:3   | Found a staircase to the Swamp.
 15441 | Lair:4   | Identified the +3 dagger of the Lurker {flame, rC+}
 15582 | Lair:4   | Found a hide-covered altar of Uskayaw.
 15582 | Lair:4   | Found an ornate altar of the Wu Jian Council.
 15606 | Lair:4   | Reached skill level 15 in Shapeshifting
 16387 | Lair:5   | Entered Level 5 of the Lair of Beasts
 16606 | Lair:5   | Found a viscous altar of Jiyva.
 16607 | Lair:5   | Found a staircase to the Slime Pits.
 16639 | Lair:5   | Found a runed translucent gate.
 16639 | Lair:5   | Found a runed translucent gate.
 16639 | Lair:5   | Found a runed translucent gate.
 16640 | Lair:5   | Noticed Iniera's ghost (journeyman DsBr)
 16641 | Lair:5   | Noticed wormstring's ghost (journeyman DsEE)
 16680 | Lair:5   | Reached XP level 14. HP: 131/131 MP: 13/13
 16966 | Lair:5   | Identified the scarf "Pomugh" {god gift, harm, Dex+2}
                  | (Okawaru gifted it to you on level 5 of the Lair of Beasts)
 16966 | Lair:5   | Received a gift from Okawaru
 17898 | Lair:5   | Killed Iniera's ghost
 17902 | Lair:5   | Killed wormstring's ghost
 18273 | Orc:1    | Entered Level 1 of the Orcish Mines
 18557 | Orc:1    | Found a runed translucent gate.
 18557 | Orc:1    | Found a runed translucent gate.
 18557 | Orc:1    | Found a runed translucent gate.
 18558 | Orc:1    | Noticed Koigyickaps's ghost (journeyman HOMo)
 18679 | Orc:2    | Entered Level 2 of the Orcish Mines
 18770 | Orc:2    | Reached skill level 15 in Unarmed Combat
 18917 | Orc:2    | Identified the +1 robe "Sofal" {god gift, rF+ Will+ Int+2}
                  | (Okawaru gifted it to you on level 2 of the Orcish Mines)
 18917 | Orc:2    | Received a gift from Okawaru
 19078 | Orc:2    | Found Fangomeng's Weapon Shop.
 19078 | Orc:2    | Found Annairgh's Weapon Emporium.
 19078 | Orc:2    | Found Maafiubo's Armour Shoppe.
 19081 | Orc:2    | Found Axokoffa's Magic Scroll Boutique.
 19131 | Orc:2    | Bought a scroll of teleportation for 39 gold pieces
 19131 | Orc:2    | Bought a scroll of fear for 52 gold pieces
 19144 | Orc:2    | Found a staircase to the Elven Halls.
 19467 | Orc:2    | Found Gatosket's Assorted Antiques.
 19537 | Orc:2    | Bought a scroll of teleportation for 81 gold pieces
 19537 | Orc:2    | Bought a pitted emerald amulet for 135 gold pieces
 19537 | Orc:2    | Identified the amulet of Lecus {Spirit rElec rN+ Regen+}
                  | (You bought it in a shop on level 2 of the Orcish Mines)
 20648 | D:12     | Reached XP level 15. HP: 143/143 MP: 14/14
 21350 | D:14     | Received a gift from Okawaru
 21649 | D:14     | Found a portal to a secret trove of treasure.
 22039 | D:14     | Found a gate to the Vaults.
 22141 | D:15     | Entered Level 15 of the Dungeon
 22206 | D:15     | Received a gift from Okawaru
 22328 | D:15     | Noticed Nessos
 22343 | D:15     | Killed Nessos
 22675 | D:15     | Identified the +0 robe "Ogodip" {god gift, *Corrode Slay+3
                  | Archmagi} (Okawaru gifted it to you on level 15 of the
                  | Dungeon)
 22675 | D:15     | Received a gift from Okawaru
 22768 | D:15     | Noticed Rupert
 22771 | D:15     | Paralysed by Rupert for 4 turns
 22779 | D:15     | Killed Rupert
 23162 | D:15     | Reached XP level 16. HP: 153/153 MP: 12/15
 23182 | D:15     | Found a staircase to the Depths.
 23488 | Swamp:1  | Entered Level 1 of the Swamp
 23740 | Swamp:1  | Received a gift from Okawaru
 23766 | Swamp:1  | Reached skill level 9 in Fighting
 24572 | Swamp:2  | Noticed a thorn hunter
 24807 | Swamp:2  | Reached skill level 3 in Invocations
 24811 | Swamp:2  | Killed a thorn hunter
 25061 | Swamp:3  | Identified the +1 hat "Camafus" {god gift, Harm rC- Will+
                  | Int+3} (Okawaru gifted it to you on level 3 of the Swamp)
 25061 | Swamp:3  | Received a gift from Okawaru
 25557 | Swamp:3  | Identified the +10 falchion "Uvios" {pain, rElec Stlth+}
 25645 | Swamp:4  | Entered Level 4 of the Swamp
 25789 | Spider:1 | Entered Level 1 of the Spider Nest
 26781 | Spider:2 | Noticed Louise
 26861 | Spider:1 | Killed Louise
 27102 | Spider:2 | Reached XP level 17. HP: 166/166 MP: 21/21
 27215 | Spider:2 | Identified the +7 hand axe "Ogre's Regret" {god gift, pain,
                  | Contam rElec rN+} (Okawaru gifted it to you on level 2 of
                  | the Spider Nest)
 27215 | Spider:2 | Received a gift from Okawaru
 27847 | Spider:3 | Noticed Roxanne
 27856 | Spider:3 | Killed Roxanne
 28259 | Spider:3 | Identified the +6 great sword of Dutawned {venom, rC+ rCorr
                  | Str+3}
 28259 | Spider:3 | Noticed Aizul
 28265 | Spider:3 | Killed Aizul
 28265 | Spider:3 | Identified the +1 robe of Dramatic Exits {god gift, rF++}
                  | (Okawaru gifted it to you on level 3 of the Spider Nest)
 28265 | Spider:3 | Received a gift from Okawaru
 28566 | Spider:4 | Entered Level 4 of the Spider Nest
 28998 | Swamp:4  | Noticed Mlioglotl
 29005 | Swamp:4  | Killed Mlioglotl
 29748 | Swamp:4  | Received a gift from Okawaru
 29913 | Swamp:4  | Reached XP level 18. HP: 179/179 MP: 17/23
 29944 | Swamp:4  | Got a decaying rune of Zot
 30651 | Spider:4 | Received a gift from Okawaru
 30776 | Spider:4 | Upgraded the game from 0.31-a0-325-g067879e3d3 to
                  | 0.31-a0-331-geda263fcf1
 30880 | Spider:4 | Received a gift from Okawaru
 31197 | Spider:4 | Got a gossamer rune of Zot
 31215 | Spider:4 | Identified the +0 pair of gloves of Tufich {-Cast Str+8
                  | Dex-4}
 31745 | Elf:1    | Entered Level 1 of the Elven Halls
 31774 | Elf:1    | Noticed Azrael
 31785 | Elf:1    | Killed Azrael
 32039 | Elf:1    | Identified the +0 hat of the Sun {god gift, Fly rC+ Will-
                  | Stlth+} (Okawaru gifted it to you on level 1 of the Elven
                  | Halls)
 32039 | Elf:1    | Received a gift from Okawaru
 32159 | Elf:1    | Noticed Jorgrun
 32177 | Elf:1    | Killed Jorgrun
 32656 | Abyss:4  | Cast into level 4 of the Abyss (+0 long sword of
                  | distortion)
 32745 | Abyss:4  | Found a corrupted altar of Lugonu.
 32828 | Elf:2    | Escaped the Abyss
 33102 | Elf:2    | Received a gift from Okawaru
 33272 | Elf:2    | Found Dureno's Magic Scroll Emporium.
 33277 | Elf:2    | Bought a scroll of teleportation for 39 gold pieces
 33277 | Elf:2    | Bought a scroll of teleportation for 39 gold pieces
 33277 | Elf:2    | Bought a scroll of teleportation for 39 gold pieces
 33277 | Elf:2    | Bought a scroll of enchant armour for 97 gold pieces
 33277 | Elf:2    | Bought a scroll of fear for 52 gold pieces
 33347 | Elf:2    | Found a runed translucent gate.
 33347 | Elf:2    | Found a runed translucent gate.
 33349 | Elf:2    | Found a runed translucent gate.
 33633 | Vaults:1 | Entered Level 1 of the Vaults
 33697 | Vaults:1 | Reached XP level 19. HP: 189/189 MP: 18/24
 34079 | Vaults:1 | You fall into a shaft and drop 1 floor!
 34136 | Vaults:2 | Noticed Asterion
 34141 | Vaults:2 | Noticed Frederick
 34157 | Vaults:2 | Killed Frederick
 34159 | Vaults:2 | Killed Asterion
 34159 | Vaults:2 | Identified the +1 cloak "Faloshru" {god gift, Int+2 Dex+3}
                  | (Okawaru gifted it to you on level 2 of the Vaults)
 34159 | Vaults:2 | Received a gift from Okawaru
 34283 | Vaults:2 | Found Zeolaec's General Store.
 34289 | Vaults:2 | Bought a +2 hat for 224 gold pieces
 34289 | Vaults:2 | Bought a potion of berserk rage for 70 gold pieces
 34579 | Vaults:1 | Noticed Nikola
 34587 | Vaults:1 | Killed Nikola
 35537 | Vaults:2 | Reached skill level 9 in Shields
 36064 | Vaults:3 | Received a gift from Okawaru
 36182 | Vaults:3 | Noticed Zenata
 36371 | Vaults:3 | Identified the +8 dagger of Rapokh {god gift, flame, Fly
                  | rN+ Str-3 Int-4 SInv} (Okawaru gifted it to you on level 3
                  | of the Vaults)
 36371 | Vaults:3 | Received a gift from Okawaru
 36372 | Vaults:3 | Reached XP level 20. HP: 198/198 MP: 25/25
 36591 | Vaults:3 | Killed Zenata
 36646 | Vaults:3 | Noticed Jory
 36647 | Vaults:3 | Noticed Saint Roka
 36666 | Vaults:3 | Killed Jory
 36679 | Vaults:3 | Killed Saint Roka
 36680 | Vaults:3 | Reached skill level 21 in Unarmed Combat
 37246 | Vaults:3 | Found a staircase to the Crypt.
 37613 | Vaults:3 | Received a gift from Okawaru
 37701 | Vaults:3 | Identified the +2 rapier of the Saviour {vamp, rPois rC++
                  | MP+9 Str-4}
 37877 | Vaults:3 | Found a staircase to the Crypt.
 38477 | Vaults:4 | Reached skill level 3 in Evocations
 38517 | Vaults:4 | Paralysed by a sphinx for 5 turns
 38665 | Vaults:4 | Identified the +5 falchion "Diet" {elec, rF+ Str+5 Int-4}
 38813 | Vaults:4 | Received a gift from Okawaru
 38823 | Abyss:4  | Cast into level 4 of the Abyss (a wizard)
 38827 | Abyss:4  | Noticed a bone dragon
 38839 | Abyss:4  | Killed a bone dragon
 38850 | Abyss:4  | Noticed a bone dragon
 38852 | Abyss:4  | Noticed a bone dragon
 38855 | Abyss:4  | Killed a bone dragon
 38861 | Abyss:4  | Killed a bone dragon
 38908 | Vaults:4 | Escaped the Abyss
 39144 | Vaults:4 | Received a gift from Okawaru
 39287 | Vaults:4 | Found Oceum's Antique Weapon Shop.
 39310 | Vaults:4 | Reached XP level 21. HP: 206/206 MP: 23/26
 39612 | Vaults:4 | Found a large runed translucent door.
 39613 | Vaults:4 | Found a large runed translucent door.
 39614 | Vaults:4 | Noticed Konionua's ghost (adept KoEn)
 40006 | Orc:1    | Killed Koigyickaps's ghost
 40243 | Depths:1 | Entered Level 1 of the Depths
 40275 | D:15     | Reached skill level 21 in Shapeshifting
 40406 | Depths:1 | Found a gateway to Hell.
 40471 | Depths:1 | Found a white marble altar of Elyvilon.
 40471 | Depths:1 | Found a glowing golden altar of the Shining One.
 40472 | Depths:1 | Found a glowing silver altar of Zin.
 40508 | Depths:1 | Noticed Bai Suzhen
 40523 | Depths:1 | Killed Bai Suzhen
 41024 | Depths:1 | Found a glowing silver altar of Zin.
 41502 | Depths:2 | Received a gift from Okawaru
 41709 | Depths:2 | Found a one-way gate leading to the halls of Pandemonium.
 41756 | Depths:2 | Found a one-way gateway to a ziggurat.
 42013 | Depths:2 | Paralysed by a floating eye for 2 turns
 42202 | Depths:2 | Found a one-way gate to the infinite horrors of the Abyss.
 42487 | Depths:3 | Identified the +9 ice dragon scales of Toramm {god gift,
                  | rF- rC++ Str+2} (Okawaru gifted it to you on level 3 of the
                  | Depths)
 42487 | Depths:3 | Received a gift from Okawaru
 42609 | Depths:3 | Found a flickering gateway to a bazaar.
 42621 | Bazaar   | Entered a bazaar
 42630 | Bazaar   | Found Pinur's Jewellery Boutique.
 42652 | Bazaar   | Found Hetobrab's Antique Weapon Emporium.
 42673 | Bazaar   | Found Eteoll's Book Boutique.
 42693 | Bazaar   | Found Nisumi's Antique Armour Shoppe.
 42721 | Bazaar   | Bought a +5 ring of evasion for 504 gold pieces
 42797 | Depths:3 | Identified the +3 demon blade "Batein" {freeze, rF+ rC- rN+
                  | Dex+8}
 42817 | Depths:2 | Reached XP level 22. HP: 128/214 MP: 13/27
 42937 | Depths:3 | Paralysed by something for 5 turns
 43030 | Depths:3 | Noticed a golden dragon
 43035 | Depths:3 | Reached skill level 15 in Shields
 43037 | Depths:3 | Killed a golden dragon
 43149 | Depths:3 | Paralysed by a sphinx for 5 turns
 43247 | Depths:3 | Received a gift from Okawaru
 43326 | Depths:3 | Noticed a juggernaut
 43332 | Depths:3 | Killed a juggernaut
 43471 | Depths:3 | Noticed a dread lich
 43480 | Depths:3 | Killed a dread lich
 43488 | Depths:3 | Noticed a golden dragon
 43493 | Depths:3 | Killed a golden dragon
 43961 | Depths:3 | Found a sacrificial altar of Ru.
 43980 | Depths:4 | Entered Level 4 of the Depths
 44195 | Depths:4 | Found Ethroh's Jewellery Emporium.
 44196 | Depths:4 | Found Rinluh's Book Shop.
 44197 | Depths:4 | Found Tumy's Jewellery Emporium.
 44207 | Depths:4 | Bought a ring of protection from cold for 350 gold pieces
 44243 | Depths:4 | Found a snail-covered altar of Cheibriados.
 44294 | Depths:4 | Received a gift from Okawaru
 44301 | Depths:4 | Identified the +4 battleaxe "Tylum" {elec, Will+}
 44635 | Depths:4 | Found a gate to the Realm of Zot.
 44880 | Depths:4 | Reached XP level 23. HP: 228/228 MP: 28/28
 45255 | D:14     | You paid a toll of +3 shadow dragon scales to enter a
                  | treasure trove
 45256 | Trove    | Entered a treasure trove
 45274 | Trove    | Identified the +1 falchion of Souttuq {elec, Str+4}
 45277 | Trove    | Identified the +10 short sword of Divine Defiance {venom,
                  | rN+}
 45301 | Trove    | Identified the ring "Jiorufoh" {rElec Dex+6}
 45777 | Depths:4 | Identified the +5 short sword "Buaj Vucw" {god gift, speed,
                  | rC+ Str+3} (Okawaru gifted it to you on level 4 of the
                  | Depths)
 45777 | Depths:4 | Received a gift from Okawaru
 46430 | Slime:1  | Entered Level 1 of the Pits of Slime
 46543 | Slime:5  | Entered Level 5 of the Pits of Slime
 46622 | Slime:5  | Noticed the Royal Jelly
 46631 | Slime:5  | Found a viscous altar of Jiyva.
 46654 | Slime:5  | Killed the Royal Jelly
 46817 | Slime:5  | Identified the +9 long sword of Ruination {heavy, rElec
                  | Will- Int+3}
 46819 | Slime:5  | Got Liokamn's Incunable of Ash
 46823 | Slime:5  | Got the Codex of the Switch and Movement
 46906 | Slime:5  | Got a slimy rune of Zot
 46926 | Slime:5  | Identified the amulet "Guwniux" {Faith Harm rF- Str+4}
 46931 | Slime:5  | Identified the scarf "Hiliask" {shadows, Dex+3}
 46936 | Slime:5  | Identified the +0 ring mail "Maetubloy" {Stlth+}
 46951 | Slime:5  | Identified the ring of Pride {Drain +Blink AC+4 Dex+6 SInv}
 46960 | Slime:5  | Identified the +6 broad axe of Fury {drain, Dex+4}
 46995 | Slime:5  | Got the Atlas of Mud and Firn
 47753 | Zot:1    | Entered Level 1 of the Realm of Zot
 47979 | Zot:2    | Identified the +0 long sword "Noegas" {god gift, flame,
                  | Fragile rElec Stlth+} (Okawaru gifted it to you on level 2
                  | of the Realm of Zot)
 47979 | Zot:2    | Received a gift from Okawaru
 47995 | Zot:4    | Noticed a curse toe
 47995 | Zot:4    | Noticed a curse toe
 47996 | Zot:4    | Noticed a curse toe
 47996 | Zot:4    | Noticed a curse toe
 48000 | Zot:5    | Entered Level 5 of the Realm of Zot
 48507 | Zot:5    | Noticed a Killer Klown
 48516 | Zot:5    | Killed a Killer Klown
 48576 | Zot:5    | Noticed a curse toe
 48584 | Zot:5    | Killed a curse toe
 48585 | Zot:5    | Reached skill level 15 in Fighting
 48743 | Arena    | Entered the Arena
 48764 | Zot:3    | Identified the +0 cloak of the Sky {god gift, +Inv rPois
                  | Will++ Slay+3} (Okawaru gifted it to you on level 3 of the
                  | Realm of Zot)
 48764 | Zot:3    | Received a gift from Okawaru
 48790 | Zot:3    | Reached XP level 24. HP: 239/244 MP: 14/28
 49504 | D:4      | Bought a wand of digging (9) for 869 gold pieces
 50656 | Zot:5    | Noticed a Killer Klown
 50659 | Zot:5    | Reached skill level 9 in Invocations
 50666 | Zot:5    | Killed a Killer Klown
 50785 | Zot:5    | Noticed an orb of fire
 50787 | Zot:5    | Gained mutation: You are dopey. (Int -2) [an orb of fire]
 50790 | Zot:5    | Noticed an ancient lich
 50792 | Zot:5    | Killed an orb of fire
 50799 | Zot:5    | Killed an ancient lich
 50800 | Zot:5    | Noticed an ancient lich
 50806 | Zot:5    | Killed an ancient lich
 50833 | Zot:5    | Noticed an orb of fire
 50843 | Zot:5    | Gained mutation: Your magical capacity is low. (-10% MP)
                  | [an orb of fire]
 50845 | Zot:5    | Gained mutation: You are vulnerable to heat. (rF-) [an orb
                  | of fire]
 50845 | Zot:5    | Gained mutation: Your body sometimes deteriorates upon
                  | taking damage. [an orb of fire]
 50855 | Zot:5    | Killed an orb of fire
 50858 | Zot:5    | Noticed an ancient lich
 50864 | Zot:5    | Killed an ancient lich
 51227 | Zot:5    | Identified the scarf of Giasarank {god gift, harm, Regen+
                  | Dex+3} (Okawaru gifted it to you on level 5 of the Realm of
                  | Zot)
 51227 | Zot:5    | Received a gift from Okawaru
 51478 | Zot:5    | Got the Orb of Zot
 51499 | Zot:5    | Noticed Ipug the pandemonium lord
 51506 | Zot:5    | Killed Ipug the pandemonium lord
 51773 | Depths:4 | Noticed Kulegicse the pandemonium lord
 51788 | Depths:4 | Killed Kulegicse the pandemonium lord
 51978 | D:14     | Noticed Qecwicoi the pandemonium lord
 52088 | D:10     | Noticed Usal Qae the pandemonium lord
 52118 | D:7      | Noticed Zylun the pandemonium lord
 52236 | D:$      | Escaped with the Orb!

Illustrated notes

Levels and vault maps discovered:
D:1:      evilmike_arrival_crescent, layout_basic
D:2:      layout_rooms, hellmonk_ecumenical_altar_lost_god, st_stairs_9,
          minmay_quadrilaterals
D:3:      layout_basic, mainiacjoe_overflow_brackets,
          mainiacjoe_overflow_boulevard, lemuel_crystal_altar
D:4:      layout_basic, nicolae_hepliaklqana_hazy_memory, dk_yredelemnul_ordeal,
          serial_shops, nicolae_shop_peninsula
D:5:      gammafunk_steamed_eel, layout_loops_ring, uniq_grinder
D:6:      layout_loops_corners
D:7:      layout_basic, mainiacjoe_overflow_catwalk,
          nicolae_kikubaaqudgha_miasma_corner,
          nicolae_uskayaw_murder_on_the_dancefloor,
          minmay_temple_entry_water_ring
D:8:      layout_basic, nicolae_tso_besieged_by_evil, hellmonk_lair_entry_icy,
          st_stairs_2, roderic_lattice_a
D:9:      layout_roguey, general_overflow_altar, erik_orc_1, serial_shops, shop
D:10:     layout_roguey, uniq_maggie, uniq_fannar
D:11:     layout_stronghold
D:12:     layout_long_grid, hex_tiny
D:13:     layout_rooms
D:14:     layout_rooms, grunt_vaults_entry_fortified, enter_trove_5,
          minmay_crystal_water, serial_aquarium, aquarium_bridge_island_small
          [aquarium_subvault_small_open, aquarium_subvault_wall,
          aquarium_subvault_bridge, aquarium_subvault_wall,
          aquarium_subvault_wall], aquarium_bridge_square
          [aquarium_subvault_bridge, aquarium_subvault_balcony,
          aquarium_subvault_bridge, aquarium_subvault_bridge],
          aquarium_window_3, aquarium_window_corner, aquarium_window_corner,
          aquarium_view_2d, aquarium_balcony_5a
D:15:     grunt_enter_depths_snipers, layout_irregular_city, uniq_rupert,
          uniq_nessos
Temple:   hellmonk_temple_two_chambers
Lair:1:   layout_chaotic_city, serial_rivers, chequers_serial_rivers_room_a,
          chequers_serial_rivers_micro_c, chequers_serial_rivers_small_a,
          chequers_serial_rivers_micro_d, basic_altar, uniq_harold
Lair:2:   layout_chaotic_city, grunt_forest_large_clearings, grunt_megastairs_5,
          serial_bayou_shore_b, lemuel_fruit_tree
Lair:3:   layout_gridlike, palyth_hydra_swamp_entry,
          nicolae_spider_entry_orb_guardian, uniq_kirke
Lair:4:   layout_layer_cave, chequers_serial_rivers_micro_c,
          serial_bayou_pond_e, nzn_masters_of_martial_movement
Lair:5:   guppyfry_lair_end_dragon, layout_regular_city,
          hangedman_lair_tendril_chambers, minmay_slime_entry_oklob_open,
          gammafunk_ghost_cemetery
Swamp:1:  layout_falls_marsh, nicolae_swamp_decorative_isthmus
Swamp:2:  layout_basic_swamp, hangedman_swamp_blocks, swamp_pool4
Swamp:3:  layout_basic_swamp, evilmike_swamp_ruin_house_6
Swamp:4:  swamp_basic_johnstein, layout_basic_swamp, uniq_mlioglotl
Spider:1: layout_cave_pods
Spider:2: layout_spider_delve, uniq_louise
Spider:3: layout_spider_delve, nicolae_spider_eight_legs, uniq_roxanne,
          uniq_aizul
Spider:4: grunt_spider_rune_circles
Slime:1:  layout_caves
Slime:2:  layout_caves
Slime:3:  layout_caves
Slime:4:  layout_caves, uniq_dissolution
Slime:5:  slime_pit
Orc:1:    layout_diamond_mine, basic_altar, gammafunk_ghost_necromancy,
          statue_in_the_mist_lemuel
Orc:2:    st_orc_rangers, layout_diamond_mine, serial_shops,
          nicolae_shop_tiny_glass, minmay_orc_keep
Elf:1:    layout_loops_ring, evilmike_minifort, grunt_ministairs_3,
          uniq_jorgrun, uniq_azrael
Elf:2:    elven_hall_of_blades_hangedman_original [mumra_blade_entry_dagger],
          layout_rooms, serial_shops, shop_fountains, serial_sigils,
          serial_sigils_hangedman_quiver, serial_sigils_hangedman_scar,
          serial_sigils_hangedman_clutch, serial_sigils_hangedman_quiver
Vaults:1: nicolae_vaults_double_plus_2, nicolae_vaults_off_center_swirl,
          nicolae_vaults_offset_grid_hallway_4,
          nicolae_vaults_offset_grid_hallway_3, nicolae_vaults_angled_halls,
          vaults_room_grunt_arrival_checkpoint, vaults_room_door_hall,
          grunt_vaults_hallway_short, ontoclasm_vaults_loading_screen,
          ontoclasm_vaults_loading_screen, nicolae_vaults_storage_room_doors,
          nicolae_vaults_layer_cake_slice, nicolae_vaults_house_1,
          vaults_dpeg_encased_lava, layout_vaults_omnigrid, uniq_nikola
Vaults:2: v_misc_26, vaults_room_boxed, nicolae_vaults_spaceships,
          nicolae_vaults_yaktaur_gun_rack, nicolae_vaults_holding_cells,
          nicolae_vaults_more_shelving_1, v_misc_28,
          nicolae_vaults_tetromino_Z_2, nicolae_vaults_tetromino_T_1,
          nicolae_vaults_double_plus_1, layout_vaults_omnicross, serial_shops,
          nicolae_shop_back_alley_shop, uniq_margery, uniq_frederick,
          uniq_asterion
Vaults:3: ontoclasm_vaults_eye, hangedman_vaults_nails, vaults_dpeg_ring,
          v_misc_24, dpeg_vaults_hating_casters, vaults_mumra_lcd,
          nicolae_vaults_network_star, minmay_crypt_entry_nasty_monster,
          nicolae_vaults_layer_cake_slice, layout_vaults_big_room, uniq_jory,
          uniq_saint_roka, uniq_zenata
Vaults:4: ebering_ghost_disaster_area, nicolae_vaults_six-pack,
          nicolae_vaults_storage_closets_3, nicolae_vaults_disjoint_gnomons,
          grunt_vaults_diagonal, hangedman_vaults_pinch, v_rooms_2,
          hangedman_vaults_hat, st_more_cells, nicolae_vaults_tetromino_T_2,
          vaults_room_fancy_cross, v_alt_pattern_1, layout_vaults_maze_snakey,
          serial_shops, shop
Depths:1: layout_cave_pools, hell_entry, good_gods_temple_1, zin_treasury,
          uniq_bai_suzhen
Depths:2: minmay_open_boxes_in_corner, layout_gridville, enter_ziggurat_f,
          abyss_entry_crystal, minmay_misc_feat_square, rand_demon_pan_entry_1,
          pf_coc_iceberg, firewood_loft, infiniplex_staircase_spiral,
          serial_bayou_shore_a
Depths:3: grunt_bent_corner, layout_cave_pools, grunt_metal_band, serial_shops,
          bzr_firewalk, abyss_entry_small_statue_room, nicolae_ru_path_of_blood
Depths:4: grunt_bruiser_brothers, layout_honeycomb, hell_entry,
          cheibriados_altar_1, minmay_shop_grove
Zot:1:    layout_gridlike, grunt_ministairs_11, lemuel_golem_globe
Zot:2:    layout_gridlike, drop_trap
Zot:3:    layout_misc_corridors, bh_zot_lava_cross, lemuel_elevator,
          grunt_megastairs_3
Zot:4:    gammafunk_sealed_library, layout_cellular_growth, grunt_ministairs_11,
          evilmike_ambush [evilmike_ambush_outer_pillars,
          evilmike_ambush_inner_basic]
Zot:5:    layout_gridville

Skill      XL: |  1  2  3  4  5  6  7  8  9 10 11 12 13 14 15 16 17 18 19 20 21 22 23 24 |
---------------+-------------------------------------------------------------------------+-----
Unarmed Combat | 3 4 5 6 7 9 10 11 12 13 15 17 18 19 20 21 22 23 | 23.0
Shapeshifting  | 4 5 6 7 9 12 15 16 17 18 19 20 21 22 23 | 23.0
Shields        | 1 2 3 4 5 7 9 11 14 15 | 15.0
Fighting       | 4 5 6 8 10 11 12 13 15 17 | 17.4
Armour         | 4 |  4.0
Dodging        | 4 |  4.1
Invocations    | 6 8 10 | 10.0
Evocations     | 5 8 |  8.0

Action                     |  1- 3 |  4- 6 |  7- 9 | 10-12 | 13-15 | 16-18 | 19-21 | 22-24 || total
---------------------------+-------+-------+-------+-------+-------+-------+-------+-------++-------
  Melee: Unarmed           |    79 |    96 |   250 |   531 |   779 |  1019 |  1168 |  1031 ||  4953
         Punch             |       |     2 |       |    12 |    64 |    71 |       |       ||   149
         Tailslap          |       |       |       |    19 |   102 |    64 |       |       ||   185
         Bite              |       |       |       |     8 |    85 |    58 |       |       ||   151
  Throw: Dart              |       |     3 |       |     2 |       |     2 |       |     1 ||     8
         Throwing net      |       |       |       |       |       |     3 |       |     1 ||     4
 Invoke: Heroism           |       |       |       |     6 |     5 |     6 |    19 |     8 ||    44
         Finesse           |       |       |       |       |     1 |     1 |     2 |     2 ||     6
         Duel              |       |       |       |       |       |       |       |     1 ||     1
Ability: Breathe Fire      |       |       |       |     1 |    12 |    11 |       |       ||    24
         Begin Untransform |       |       |       |       |       |       |       |     1 ||     1
  Evoke: Wand              |       |     1 |     3 |     7 |     9 |     5 |     2 |     5 ||    32
         Phial of floods   |       |       |       |       |       |     1 |     1 |       ||     2
         Tin of tremorston |       |       |       |       |       |       |     2 |       ||     2
    Use: Scroll            |     1 |     5 |     8 |     8 |     6 |     5 |     8 |    16 ||    57
         Potion            |       |       |     3 |       |     1 |     1 |     4 |    10 ||    19
   Stab: Sleeping          |       |     2 |       |       |     1 |       |     1 |     1 ||     5
         Paralysed         |       |     3 |       |       |       |       |       |     1 ||     4
         Confused          |       |       |       |       |       |     2 |       |       ||     2
         Invisible         |       |       |       |       |       |       |       |     3 ||     3
         Held in net/web   |       |       |       |       |       |       |       |     1 ||     1
 Armour: Animal skin       |    31 |    30 |    51 |     8 |       |       |       |       ||   120
         Ice dragon scales |       |       |       |    57 |       |       |       |       ||    57
         Acid dragon scale |       |       |       |    48 |       |       |       |       ||    48
         Skin              |       |       |       |    88 |   429 |  1117 |  1229 |   718 ||  3581
  Dodge: Dodged            |    37 |    35 |    97 |   171 |   414 |   617 |   667 |   386 ||  2424
         Repelled          |       |       |       |       |       |     7 |       |       ||     7
  Block: Kite shield       |       |     9 |    85 |   108 |       |   104 |   332 |       ||   638
         Tower shield      |       |       |       |       |       |       |  1052 |   911 ||  1963
   Form: Beast             |     1 |       |       |    10 |       |       |       |       ||    11
                           |     1 |       |       |     1 |       |     3 |       |       ||     5
         Anaconda          |       |       |       |     8 |       |       |       |       ||     8
         Blade             |       |       |       |     3 |       |       |       |       ||     3
         Dragon            |       |       |       |     3 |       |     5 |       |     2 ||    10
         Maw               |       |       |       |     1 |       |       |       |       ||     1
         Statue            |       |       |       |       |       |     4 |       |     2 ||     6

Table legend: (Time is in decaauts)
 A = Elapsed time spent in this place.
 B = Non-inter-level travel time spent in this place.
 C = Inter-level travel time spent in this place.
 D = Time resting spent in this place.
 E = Time spent auto-exploring this place.
 F = Levels seen in this place.
 G = Mean time per level.
                   A        B        C        D        E       F      G
               +--------+--------+--------+--------+--------+-----+--------+
         Total |  62060 |  53214 |   8846 |   9353 |  29497 |  56 | 1108.2 |
       Dungeon |  18469 |  14587 |   3882 |   2043 |   8843 |  15 | 1231.3 |
        Temple |      6 |      6 |      0 |      0 |      0 |   1 |    6.0 |
          Lair |   7078 |   5790 |   1288 |    769 |   3669 |   5 | 1415.6 |
         Swamp |   3758 |   3521 |    237 |   1020 |   1664 |   4 |  939.5 |
   Spider Nest |   4982 |   4444 |    538 |    881 |   2249 |   4 | 1245.5 |
    Slime Pits |   1266 |   1146 |    120 |    169 |    586 |   5 |  253.2 |
  Orcish Mines |   2041 |   1598 |    443 |     92 |   1039 |   2 | 1020.5 |
   Elven Halls |   2133 |   2025 |    108 |    105 |   1299 |   2 | 1066.5 |
        Vaults |   8779 |   8415 |    364 |    985 |   5643 |   4 | 2194.8 |
        Depths |   8354 |   6889 |   1465 |    879 |   3927 |   4 | 2088.5 |
           Zot |   4581 |   4184 |    397 |   2360 |    315 |   5 |  916.2 |
         Abyss |    262 |    262 |      0 |     45 |      0 |   2 |  131.0 |
        Bazaar |    178 |    178 |      0 |      0 |    132 |   1 |  178.0 |
         Trove |    149 |    149 |      0 |      0 |    129 |   1 |  149.0 |
         Arena |     17 |     17 |      0 |      0 |      0 |   1 |   17.0 |
               +--------+--------+--------+--------+--------+-----+--------+

Top non-repeatable levels by time:
Vaults:3: 2976 daAuts
   Zot:5: 2886 daAuts
Depths:4: 2660 daAuts
Depths:2: 2270 daAuts
Vaults:2: 2235 daAuts
Depths:3: 2024 daAuts
    D:15: 1919 daAuts
Vaults:1: 1890 daAuts
  Lair:5: 1727 daAuts
    D:11: 1688 daAuts
Vaults:4: 1676 daAuts
     D:9: 1614 daAuts
  Lair:1: 1512 daAuts
  Lair:3: 1504 daAuts
 Swamp:4: 1429 daAuts
